 Dungeon Crawl Stone Soup version 0.21.1-1-g345015f (webtiles) character file.

132 Mirai the Magician (level 4, 0/24 HPs)
             Began as a Deep Elf Conjurer on Apr 5, 2018.
             Slain by a bat (1 damage)
             ... on level 3 of the Dungeon.
             The game lasted 00:04:11 (1399 turns).

Mirai the Magician (Deep Elf Conjurer)              Turns: 1399, Time: 00:04:12

Health: 0/24       AC:  2    Str:  5    XL:     4   Next: 92%
Magic:  15/24      EV: 13    Int: 21    God:
Gold:   81         SH:  0    Dex: 15    Spells: 6/17 levels left

rFire    . . .     SeeInvis .   o - +0 long sword
rCold    . . .     Gourm    .   (no shield)
rNeg     . . .     Faith    .   a - +0 robe
rPois    .         Spirit   .   (no helmet)
rElec    .         Reflect  .   (no cloak)
rCorr    .         Harm     .   (no gloves)
MR       .....                  (no boots)
Stlth    ++........             (no amulet)
HPRegen  0.08/turn              m - ring of magical power
MPRegen  0.19/turn              (no ring)

@: no status effects
A: no striking features
a: no special abilities


You were on level 3 of the Dungeon.
You were not hungry.

You visited 1 branch of the dungeon, and saw 3 of its levels.

You collected 81 gold pieces.

Inventory:

Hand Weapons
 n - a +1 dagger of protection
 o - a +0 long sword (weapon)
 p - a +2 mace of crushing
Armour
 a - a +0 robe (worn)
Jewellery
 m - a ring of magical power (left hand)
Scrolls
 f - 2 scrolls of magic mapping {unknown}
 i - a scroll of fog {unknown}
 k - 4 scrolls of identify {unknown}
 l - a scroll of amnesia {unknown}
Potions
 e - a potion of brilliance {unknown}
 g - 2 potions of invisibility {unknown}
 h - a potion of flight {unknown}
 j - a potion of mutation {unknown}
Books
 b - a book of Conjurations

   Spells                             Type                      Level
   a - Magic Dart                     Conjuration                  1
   b - Searing Ray                    Conjuration                  2
   c - Dazzling Spray                 Conjuration/Hexes            3
   d - Fulminant Prism                Conjuration/Hexes            4
   e - Force Lance                    Conjuration/Translocation    4
   f - Iskenderun's Mystic Blast      Conjuration                  4
Comestibles
 c - 7 rations
 d - 14 chunks of flesh


   Skills:
 - Level 2.4 Dodging
 - Level 2.4 Stealth
 + Level 7.0 Spellcasting
 - Level 4.3 Conjurations


You had 6 spell levels left.
You knew the following spells:

 Your Spells              Type           Power        Failure   Level  Hunger
a - Magic Dart            Conj           ####         1%          1    None
b - Searing Ray           Conj           ####..       2%          2    None
c - Iskenderun's Mystic   Conj           ####....     14%         4    ###....
d - Fulminant Prism       Conj/Hex       ###.......   34%         4    ###....


Dungeon Overview and Level Annotations

Branches:
Dungeon (3/15)

Altars:
Elyvilon


Message History

Aiming: Searing Ray
Press: ? - help, Shift-Dir - straight line, p - bat The searing ray misses the orc.
The searing ray hits the ooze.
The ooze is lightly wounded. (Press . to maintain the ray.)
The bat hits you but does no damage. The orc hits you with a short sword.
* * * LOW HITPOINT WARNING * * *
The searing ray hits the orc.
The orc is almost dead.
The bat hits you but does no damage. The orc misses you.
The searing ray hits the orc.
You kill the orc!
The bat barely misses you.
The searing ray hits the ooze.
The ooze is almost dead.
The searing ray misses the orc.
You finish channeling your searing ray.
The bat barely misses you. The ooze hits you.
* * * LOW HITPOINT WARNING * * *
The bat hits you.
You die...

..##..#.#.#..............#
#.#..>......#.#.#####....#
#.(.....#.#.#.#.###...####
......#.....#.#.#...###
........#...#.#...###
.......<# #.#.....#
......:.###.÷.)##.#
.........oJ.b.###.##♣♣
........o###@.###....♣♣
..###....o.#..........♣
#...##.#........... .>o.o#
.#....##....♣ ......#
###### ##♣♣♣ .#......
###.###


You could see an ooze, an orc and a bat.

Vanquished Creatures
  An orc wizard (D:2)
  4 adders
  An ooze (D:1)
  A worm (D:2)
  2 dart slugs (D:1)
  4 orcs
  3 giant cockroaches
  13 goblins
  8 hobgoblins
  3 kobolds
  A ball python (D:1)
  6 bats
  3 frilled lizards
  A jackal skeleton (D:3)
  6 rats
57 creatures vanquished.

Notes
Turn   | Place    | Note
-------+----------+-------------------------------------------
     0 | D:1      | Mirai the Deep Elf Conjurer began the quest for the Orb.
     0 | D:1      | Reached XP level 1. HP: 10/10 MP: 6/6
   196 | D:1      | Reached skill level 4 in Spellcasting
   196 | D:1      | Reached XP level 2. HP: 13/15 MP: 6/9
   200 | D:1      | Learned a level 2 spell: Searing Ray
   515 | D:1      | Reached XP level 3. HP: 19/19 MP: 8/11
   533 | D:1      | Reached skill level 5 in Spellcasting
   758 | D:2      | Found a white marble altar of Elyvilon.
  1088 | D:2      | Reached skill level 6 in Spellcasting
  1088 | D:2      | Reached XP level 4. HP: 24/24 MP: 14/14
  1097 | D:2      | Learned a level 4 spell: Iskenderun's Mystic Blast
  1102 | D:2      | Learned a level 4 spell: Fulminant Prism
  1369 | D:3      | Reached skill level 7 in Spellcasting
  1398 | D:3      | HP: 1/24 [ooze (3)]
  1399 | D:3      | Slain by a bat

Skill      XL: |  1  2  3  4 |
---------------+-------------+-----
Spellcasting   | 4 6 7 |  7.0
Dodging        | |  2.4
Stealth        | |  2.4
Conjurations   | |  4.3

Action                   |  1- 3 |  4- 6 || total
-------------------------+-------+-------++-------
Melee: Unarmed           |     1 |       ||     1
       Spear             |     8 |       ||     8
       Dagger            |     2 |       ||     2
       Long sword        |       |     3 ||     3
 Cast: Magic Dart        |    81 |    23 ||   104
       Searing Ray       |     1 |     3 ||     4
  Eat: Chunk             |       |     1 ||     1
Armor: Robe              |     6 |     5 ||    11
Dodge: Dodged            |    23 |    18 ||    41
